 Dungeon Crawl Stone Soup version 0.22-a0-303-g4a852b3 (webtiles) character file.

7 grindst0ne the Skirmisher (level 1, 0/18 HPs)
             Began as a Mummy Fighter on Mar 27, 2018.
             Slain by a leopard gecko (2 damage)
             ... on level 1 of the Dungeon.
             The game lasted 00:00:32 (190 turns).

grindst0ne the Skirmisher (Mummy Fighter)            Turns: 190, Time: 00:00:33

Health: 0/18       AC:  6    Str: 19    XL:     1   Next: 83%
Magic:  1/1        EV:  7    Int:  7    God:
Gold:   9          SH:  8    Dex: 11    Spells: 0/0 levels left

rFire    x . .     SeeInvis .   a - +0 war axe
rCold    + . .     Gourm    .   c - +0 shield
rNeg     + + +     Faith    .   b - +0 scale mail
rPois    ∞         Spirit   .   (no helmet)
rElec    .         Reflect  .   (no cloak)
rCorr    .         Harm     .   (no gloves)
MR       .....                  (no boots)
Stlth    ..........             (no amulet)
HPRegen  0.06/turn              (no ring)
MPRegen  0.07/turn              (no ring)

@: no status effects
A: no food or potions, fire vulnerability, cold resistance 1, negative energy
resistance 3, torment resistance, unbreathing
a: no special abilities


You were on level 1 of the Dungeon.
You were not hungry.

You visited 1 branch of the dungeon, and saw 1 of its levels.

You collected 9 gold pieces.

Inventory:

Hand Weapons
 a - a +0 war axe (weapon)
Armour
 b - a +0 scale mail (worn)
 c - a +0 shield (worn)
Scrolls
 d - a scroll of magic mapping {unknown}
 e - a scroll of identify {unknown}


   Skills:
 + Level 3.1 Fighting
 - Level 1.5 Axes
 + Level 2.5 Armour
 + Level 2.5 Shields


You couldn't memorise any spells.
You didn't know any spells.

Dungeon Overview and Level Annotations

Branches:
Dungeon (1/15)

Altars:


Innate Abilities, Weirdness & Mutations

You do not eat or drink.
Your flesh is vulnerable to fire.
You are immune to poison.
Your flesh is cold resistant. (rC+)
You are immune to negative energy. (rN+++)
You are immune to unholy pain and torment.
You can survive without breathing.


Message History

Your shield prevents you from hitting the leopard gecko.
The bat hits you but does no damage.
The leopard gecko bites you but does no damage. x2
You closely miss the leopard gecko. You closely miss the bat.
The bat hits you but does no damage. You block the leopard gecko's attack.
The leopard gecko bites you but does no damage.
You hit the leopard gecko but do no damage.
You block the bat's attack. You block the leopard gecko's attack.
The leopard gecko bites you but does no damage.
You barely miss the leopard gecko. You closely miss the bat.
You block the bat's attack. The leopard gecko bites you.
* * * LOW HITPOINT WARNING * * *
The bat hits you but does no damage.
You barely miss the leopard gecko. You barely miss the bat.
You block the bat's attack. x2; The leopard gecko bites you.
* * * LOW HITPOINT WARNING * * *
The leopard gecko barely misses you. You block the bat's attack.
You closely miss the leopard gecko. You miss the bat.
The bat hits you but does no damage. The leopard gecko bites you.
You die...

#### ..# #.# #.############
#.#####...l........##
#....>..b..@........#
.###.#.######......########
#.# #...###........#
...b....#####...# #..#####.#
........#..#....# ##.####...
#####.#.#..#....####.......#
#.#.#....###....#.####.#
....#....# #.##.#.# ##
######.# #....#.#


You could see a leopard gecko and a bat.

Vanquished Creatures
  A goblin (D:1)
  A hobgoblin (D:1)
  3 ball pythons (D:1)
  2 rats (D:1)
7 creatures vanquished.

Notes
Turn   | Place    | Note
-------+----------+-------------------------------------------
     0 | D:1      | grindst0ne the Mummy Fighter began the quest for the Orb.
     0 | D:1      | Reached XP level 1. HP: 18/18 MP: 1/1
   190 | D:1      | Slain by a leopard gecko

Vault maps used:
D:1:      minmay_arrival_split_and_join

Action                   || total
-------------------------++-------
Melee: War axe           ||    34
Armor: Scale mail        ||    29
Dodge: Dodged            ||    14
Block: Shield            ||    19

Table legend:
 A = Spawn XP
 B = Non-spawn XP
 C = Spawn XP percentage of total XP
 D = Spawn monster count
 E = Non-spawn monster count
 F = Spawn count percentage of total count
 G = Total turns spent on level
                    A         B        C        D         E        F      G
               +---------+---------+-------+---------+---------+-------+---------
         Total |       0 |      10 |   0.0 |       0 |       7 |   0.0 |   190
               +---------+---------+-------+---------+---------+-------+---------
           D:1 |       0 |      10 |   0.0 |       0 |       7 |   0.0 |   190
               +---------+---------+-------+---------+---------+-------+---------
